 Dungeon Crawl Stone Soup version 0.19-a0-1442-g3b32ff5 (webtiles) character file.

49 nubinia the Stinger (level 3, -3/20 HPs)
             Began as a Tengu Venom Mage on Sept 5, 2016.
             Killed from afar by Terence (5 damage)
             ... with a wand of flame
             ... on level 2 of the Dungeon.
             The game lasted 00:07:01 (1410 turns).

nubinia the Stinger (Tengu Venom Mage)              Turns: 1410, Time: 00:07:01

Health: -3/20      AC:  4    Str:  8    XL:     3   Next: 75%
Magic:  3/7        EV: 12    Int: 16    God:
Gold:   68         SH:  0    Dex: 14    Spells: 2 memorised, 2 levels left

rFire  . . .     SeeInvis .     i - +2 dagger (elec)
rCold  . . .     Gourm    .     n - +0 leather armour (curse)
rNeg   . . .     Faith    .     (no shield)
rPois  .         Spirit   .     (helmet restricted)
rElec  .         Dismiss  +     (no cloak)
rCorr  .         Reflect  .     t - +0 pair of gloves
MR     .....     Harm     .     (boots unavailable)
Stlth  ++........               e - amulet of dismissal
                                (no ring)
                                (no ring)

@: very slightly contaminated
A: beak, talons 3
a: no special abilities


You were on level 2 of the Dungeon.
You were not hungry.

You visited 1 branch of the dungeon, and saw 2 of its levels.

You collected 68 gold pieces.

Inventory:

Hand Weapons
 i - a +2 dagger of electrocution (weapon)
 o - a +2 dagger of holy wrath
 q - a +0 dagger of freezing
Armour
 a - a +0 robe
 n - a cursed +0 leather armour (worn)
 t - a +0 pair of gloves (worn)
Jewellery
 e - an amulet of dismissal (around neck)
Scrolls
 f - a scroll of remove curse
 j - a scroll of fog {unknown}
 m - a scroll of fear {unknown}
 p - a scroll of recharging {unknown}
Potions
 d - a potion of cure mutation {unknown}
 g - a potion of flight {unknown}
 h - a potion of agility
 k - 3 potions of heal wounds {unknown}
 l - a potion of might
 u - a potion of berserk rage {unknown}
Books
 b - a Young Poisoner's Handbook

   Spells                             Type                      Level
   a - Sting                          Conjuration/Poison           1
   b - Mephitic Cloud                 Conjuration/Poison/Air       3
   c - Olgreb's Toxic Radiance        Poison                       4
   d - Alistair's Intoxication        Transmutation/Poison         5
   e - Venom Bolt                     Conjuration/Poison           5
Comestibles
 c - 2 bread rations
 r - a meat ration
 s - 3 chunks of flesh


   Skills:
 + Level 0.6 Fighting
 + Level 2.5 Dodging
 + Level 2.1 Stealth
 + Level 0.4 Unarmed Combat
 + Level 2.2 Spellcasting
 + Level 1.0 Conjurations
 + Level 4.6 Poison Magic


You had 2 spell levels left.
You knew the following spells:

 Your Spells              Type           Power        Failure   Level  Hunger
a - Sting                 Conj/Pois      ##..         12%         1    #......
b - Mephitic Cloud        Conj/Pois/Air  #.......     50%         3    ###....


Dungeon Overview and Level Annotations

Branches:
Dungeon (2/15)

Altars:
Zin

Annotations:
D:2 Terence


Innate Abilities, Weirdness & Mutations

You have a beak for a mouth.
You have claws for feet.


Message History

Aim: Terence, wielding a hand axe, wearing a scale mail and carrying a wand of flame {zapped: 2} The sting hits Terence.
Terence is poisoned.
Terence is lightly wounded.
Terence looks more healthy.
Terence zaps a wand.
The puff of flame hits you!
Unknown command.
Unknown command.
Unknown command.
Casting: Sting
Confirm with . or Enter, or press ? or * to list all spells.
Aiming: Sting
Press: ? - help, Shift-Dir - straight line, f/p - Terence
Aim: Terence, wielding a hand axe, wearing a scale mail and carrying a wand of flame {zapped: 3} (moderately wounded)
The sting hits Terence.
Terence is heavily wounded.
Terence bares his teeth.
Terence zaps a wand.
The puff of flame hits you!
* * * LOW HITPOINT WARNING * * *
Terence zaps a wand.
The puff of flame misses you.
Terence zaps a wand.
The puff of flame hits you!
You die...

#.# #####.#####
#.#####.........#
#.......[##.###.#
#..####..##.# #..####..##.#
#.)...)#.##.# .# #
#...........# .# .<
##.#...#.######.####
##.#####.#....@.@........
................#..##..###
.#.####.........##.#.#.#.##
.. #.........##........# .
####...#######.#.#.#..
#...# #.......# #...#
##.#.#.## ##.## #.รท(....#
#.# ##<#.#.##


You could see Terence.

Vanquished Creatures
  An adder (D:1)
  2 dart slugs
  A giant gecko (D:2)
  4 bats (D:1)
  A giant cockroach (D:2)
  4 goblins
  4 hobgoblins
  4 jackals (D:1)
  2 kobolds (D:1)
  4 giant newts (D:1)
  5 rats
32 creatures vanquished.

Notes
Turn   | Place    | Note
-------+----------+-------------------------------------------
     0 | D:1      | nubinia the Tengu Venom Mage began the quest for the Orb.
     0 | D:1      | Reached XP level 1. HP: 10/10 MP: 4/4
   372 | D:1      | Reached XP level 2. HP: 15/15 MP: 4/6
   828 | D:1      | Found a glowing silver altar of Zin.
   913 | D:1      | Reached XP level 3. HP: 19/19 MP: 4/7
  1303 | D:2      | Learned a level 3 spell: Mephitic Cloud
  1355 | D:2      | Noticed Terence
  1361 | D:2      | Reached skill level 1 in Conjurations
  1407 | D:2      | HP: 1/20 [Terence/wand of flame (9)]
  1410 | D:2      | Killed from afar by Terence

Vault maps used:
D:1:      dpeg_arrival_erosion, kennysheep_flooded_box
D:2:      st_stairs_8, uniq_robin, uniq_terence, uniq_crazy_yiuf_cottage,
          uniq_iyjb

Skill      XL: |  1  2  3 |
---------------+----------+-----
Conjurations   | 1 |  1.0
Fighting       | |  0.6
Dodging        | |  2.5
Stealth        | |  2.1
Unarmed Combat | |  0.4
Spellcasting   | |  2.2
Poison Magic   | |  4.6

Action                   || total
-------------------------++-------
Melee: Unarmed           ||    22
       Dagger            ||    23
       Kick              ||     7
       Peck              ||     4
 Cast: Sting             ||    41
  Use: Scroll            ||     3
 Stab: Sleeping          ||     1
  Eat: Chunk             ||     2
Armor: Robe              ||     8
       Leather armour    ||     2
Dodge: Dodged            ||    52
